 Dungeon Crawl Stone Soup version 0.23.2-33-g5129a83184 (webtiles) character file.

Game seed: 9461192993412492797

237 psyvane the Ruffian (level 6, -9/46 (50) HPs)
             Began as a Ghoul Warper on July 17, 2019.
             Mangled by Menkaure (19 damage)
             ... on level 4 of the Dungeon.
             The game lasted 00:11:23 (3681 turns).

psyvane the Ruffian (Ghoul Warper)                  Turns: 3681, Time: 00:11:24

HP:   -9/46 (50)    AC:  4    Str: 15    XL:     6   Next: 6%
MP:   5/7           EV: 11    Int:  8    God:
Gold: 186           SH:  0    Dex: 10    Spells: 1/8 levels left

rFire    . . .     SeeInvis .     - Unarmed
rCold    + . .     Gourm    .   (no shield)
rNeg     + + +     Faith    .   a - +0 leather armour
rPois    ∞         Spirit   .   q - +0 helmet of the Trout {+Inv Slay+3}
rElec    .         Reflect  .   (no cloak)
rCorr    .         Harm     .   (no gloves)
MR       .....                  (no boots)
Stlth    +.........             (no amulet)
HPRegen  0.00/turn              (no ring)
MPRegen  0.10/turn              (no ring)

@: rotting
A: rotting body, claws 1, carnivore, cold resistance 1, negative energy
resistance 3, inhibited regeneration, torment resistance, unbreathing
a: Evoke Invisibility


You were on level 4 of the Dungeon.
You were very hungry.

You visited 1 branch of the dungeon, and saw 4 of its levels.

You collected 186 gold pieces.

Inventory:

Missiles
 d - a tomahawk of dispersal (quivered)
 m - 7 tomahawks
Armour
 a - a +0 leather armour (worn)
 q - the +0 helmet of the Trout (worn) {+Inv Slay+3}
   (You took it off Robin on level 3 of the Dungeon)

   It affects your accuracy and damage with ranged weapons and melee attacks
   (+3).
   It lets you turn invisible.
Jewellery
 w - an uncursed ring of fire {unknown}
Wands
 t - a wand of paralysis (5)
Scrolls
 c - 2 scrolls of blinking
 g - 3 scrolls of magic mapping {unknown}
 i - 2 scrolls of remove curse
 n - a scroll of teleportation {unknown}
 p - 2 scrolls of amnesia {unknown}
 r - 2 scrolls of enchant weapon {unknown}
 s - a scroll of immolation {unknown}
 v - 2 scrolls of random uselessness {unknown}
Potions
 b - a potion of lignification {unknown}
 e - 2 potions of degeneration {unknown}
 h - 3 potions of flight {unknown}
 j - 2 potions of heal wounds {unknown}
 k - 5 potions of curing {unknown}
 l - a potion of brilliance {unknown}
 o - a potion of might {unknown}
 u - a potion of berserk rage {unknown}
Comestibles
 f - 7 rations


   Skills:
 - Level 2.5 Fighting
 - Level 0.8 Throwing
 - Level 0.8 Armour
 - Level 1.7 Dodging
 - Level 0.6 Stealth
 * Level 5.3 Unarmed Combat
 - Level 1.7 Spellcasting
 - Level 4.1 Translocations


You had one spell level left.
You knew the following spells:

 Your Spells              Type           Power        Failure   Level  Hunger
a - Blink                 Tloc           N/A          13%         2    ###....
b - Shroud of Golubria    Chrm/Tloc      #.........   28%         2    ###....
c - Teleport Other        Tloc           #.......     26%         3    ####...

Your spell library contained the following spells:

 Spells                   Type           Power        Failure   Level  Hunger
 Gell's Gravitas          Tloc           #.........   26%         3    ####...
 Lesser Beckoning         Tloc           #.........   26%         3    ####...
 Passage of Golubria      Tloc           N/A          63%         4    #####..


Dungeon Overview and Level Annotations

Branches:
Dungeon (4/15)
 Temple: D:4-7

Altars:
Ashenzari
Qazlal
Zin

Shops:
D:2 *   D:4 *

Annotations:
D:4 Menkaure


Innate Abilities, Weirdness & Mutations

Your body is rotting away.
You thrive on raw meat.
You are immune to poison.
You have sharp fingernails.
You are carnivorous and can eat meat at any time.
Your flesh is cold resistant. (rC+)
You are immune to negative energy. (rN+++)
You do not regenerate when monsters are visible.
You are immune to unholy pain and torment.
You can survive without breathing.


Message History

Menkaure seems to speed up.
Menkaure closely misses you.
You claw Menkaure!
Menkaure is heavily damaged.
Your shroud bends Menkaure's attack away.
You completely miss Menkaure.
Menkaure is heavily damaged.
Menkaure misses you.
You claw Menkaure!
Menkaure is almost destroyed.
Menkaure hits you!!
Your shroud falls apart!
Menkaure hits you!
* * * LOW HITPOINT WARNING * * *
You are too injured to fight recklessly!
You barely miss Menkaure.
Menkaure is almost destroyed.
Menkaure blazes with dark energy!
Menkaure hits you!!
You die...

##################
.................#
################.#
....... #.#
....... #@#
....... #M#
....... #.#
....... #.#
....... #.#
....... #.#
....... #.#
....... #.#
+#+##..


You could see Menkaure.

Vanquished Creatures
  A centaur skeleton (D:4)
  Terence (D:2)
  Robin (D:3)
  A gnoll (D:1)
  5 adders
  A shadow imp (D:4)
  An ooze (D:3)
  2 worms
  A dart slug (D:1)
  4 leopard geckos
  2 orcs (D:3)
  5 giant cockroaches
  14 goblins
  9 hobgoblins
  2 jackals (D:2)
  A quokka (D:3)
  2 ball pythons
  10 bats
  8 frilled lizards
  9 kobolds
  10 rats
90 creatures vanquished.

Notes
Turn   | Place    | Note
-------+----------+-------------------------------------------
     0 | D:1      | psyvane the Ghoul Warper began the quest for the Orb.
     0 | D:1      | Reached XP level 1. HP: 17/17 MP: 2/2
   217 | D:1      | Reached XP level 2. HP: 18/25 MP: 3/3
   221 | D:1      | Learned a level 2 spell: Blink
   370 | D:1      | Reached XP level 3. HP: 10/30 MP: 4/4
  1282 | D:2      | Learned a level 2 spell: Shroud of Golubria
  1282 | D:2      | Found Zin's Purification Station.
  1285 | D:2      | Found a glowing silver altar of Zin.
  1313 | D:2      | Reached XP level 4. HP: 8/37 MP: 0/5
  1616 | D:2      | Reached skill level 3 in Unarmed Combat
  1776 | D:2      | Noticed Terence
  2110 | D:3      | Identified the cursed +0 helmet of the Trout {+Inv Slay+3}
  2110 | D:3      | Noticed Robin
  2121 | D:3      | Killed Robin
  2121 | D:3      | Reached XP level 5. HP: 26/41 MP: 3/6
  2225 | D:3      | Learned a level 3 spell: Teleport Other
  2257 | D:2      | Killed Terence
  2257 | D:2      | Reached skill level 4 in Unarmed Combat
  3222 | D:3      | Found a stormy altar of Qazlal.
  3224 | D:3      | Found a shattered altar of Ashenzari.
  3420 | D:4      | Found Ywnuck's Elemental Accessories.
  3461 | D:4      | Reached skill level 5 in Unarmed Combat
  3461 | D:4      | Reached XP level 6. HP: 33/48 MP: 7/7
  3673 | D:4      | Noticed Menkaure
  3681 | D:4      | Mangled by Menkaure

Skill      XL: |  1  2  3  4  5 |
---------------+----------------+-----
Translocations | 3 4 |  4.1
Unarmed Combat | 3 5 |  5.3
Fighting       | |  2.5
Throwing       | |  0.8
Armour         | |  0.8
Dodging        | |  1.7
Stealth        | |  0.6
Spellcasting   | |  1.7

Action                   |  1- 3 |  4- 6 || total
-------------------------+-------+-------++-------
Melee: Unarmed           |   128 |   205 ||   333
       Punch             |     2 |     3 ||     5
Throw: Tomahawk          |       |     4 ||     4
 Cast: Shroud of Golubri |     1 |    11 ||    12
  Use: Scroll            |       |     1 ||     1
  Eat: Chunk             |     2 |     7 ||     9
Armor: Leather armour    |    38 |    40 ||    78
Dodge: Dodged            |    87 |   130 ||   217
